 Dungeon Crawl Stone Soup version 0.31-a0-1029-ge8c24b2130 (webtiles) character file.

Game seed: 6930121814028804701

33 MackTheKnife the Conjurer (level 3, 0/21 HPs)
             Began as an Octopode Conjurer on Nov 18, 2023.
             Killed by divine providence
             ... invoked by an orc priest
              (13 damage)
             ... on level 2 of the Dungeon.
             The game lasted 00:02:14 (1572 turns).

MackTheKnife the Conjurer (Octopode Conjurer)       Turns: 1572, Time: 00:02:14

Health: 0/21       AC:  1    Str:  6    XL:     3   Next: 29%
Magic:  2/6        EV: 13    Int: 20    God:
Gold:   76         SH:  0    Dex: 12    Spells: 3/6 levels left

rFire   . . .        b - +0 dagger {short}
rCold   . . .        (no shield)
rNeg    . . .        (helmet restricted)
rPois   .            (no amulet)
rElec   .            c - ring of willpower
rCorr   .            (no ring)
SInv    .            (no ring)
Will    +....        (no ring)
Stlth   +++          (no ring)
HPRegen 0.23/turn    (no ring)
MPRegen 0.10/turn    (no ring)
                     (no ring)

%: no passive effects
@: no status effects
A: almost no armour, amphibious, 8 rings, camouflage 1, gelatinous body 1,
(nimble swimmer 1), tentacles
a: no special abilities


You were on level 2 of the Dungeon.
You visited 1 branch of the dungeon, and saw 2 of its levels.

You collected 76 gold pieces.


Innate Abilities, Weirdness & Mutations

You cannot wear most types of armour.
You are amphibious.
You can wear up to eight rings at the same time.
Your skin changes colour to match your surroundings (Stealth+).
Your rubbery body absorbs attacks. (AC +1, EV +1)
((You are camouflaged when in or above water. (Stealth+)))
You have tentacles for arms and can constrict up to eight enemies at once.


   Skills:
 - Level 2.0 Dodging
 - Level 4.0 Stealth
 - Level 2.0 Spellcasting
 + Level 4.6 Conjurations


You had 3 spell levels left.
You knew the following spells:

 Your Spells              Type           Power      Damage    Failure   Level
a - Magic Dart            Conj           80%        1d7       2%          1
b - Searing Ray           Conj           40%        2d5       3%          2

Your spell library contained the following spells:

 Spells                   Type           Power      Damage    Failure   Level
 Freeze                   Ice            8%         1d3       16%         1
 Dazzling Flash           Conj/Hex       22%        N/A       19%         3
 Hailstorm                Conj/Ice       11%        3d5       19%         3
 Frozen Ramparts          Ice            4%         1d1       43%         3
 Gell's Gravitas          Tloc           2%         N/A       43%         3
 Teleport Other           Tloc           2%         N/A       43%         3
 Fulminant Prism          Conj/Hex       5%         3d7       52%         4
 Iskenderun's Mystic Bla  Conj/Tloc      11%        2d4       52%         4
 Passage of Golubria      Tloc           2%         N/A       83%         4
 Silence                  Hex/Air        1%         N/A       99%         5
 Dispersal                Tloc           1%         N/A       100%        6
 Lehudib's Crystal Spear  Conj/Erth      5%         10d3      100%        8

Inventory:

Hand Weapons
 b - a +0 dagger (weapon) {short}
   (You took it off a goblin on level 1 of the Dungeon)
Jewellery
 c - a ring of willpower (left tentacle)
   (You found it on level 1 of the Dungeon)
Scrolls
 d - 2 scrolls of teleportation {unknown}
 f - a scroll of amnesia {unknown}
Potions
 a - a potion of magic
 e - 2 potions of attraction {unknown}
 g - a potion of lignification {unknown}

Dungeon Overview and Level Annotations

Branches:
Dungeon (2/15) Zot: 10429

Altars:

Annotations:
D:1 exclusion: door

#.##.#####.#
#.##.......#
#.########## ####.#
#....# #.#### #.#
############ #.#
#..).......# #@#
#....#####.#
.######)###....#####'#
...............o....>.
.######........####...o
###o8#8..# #....o
#..#?#.## #.....
#..8#8... ...o##
#......... ....#
#..........


You could see an orc priest.


Message History

You lost 1 mp, and now have 5/6 mp.
A rat is nearby!
The magic dart hits the rat.
You kill the rat! 😎 MP[-1]
You lost 1 mp, and now have 4/6 mp.
A kobold comes into view. It is wielding a +0 dagger. 😎 MP[+1]
A kobold is nearby!
A kobold is nearby!
The magic dart hits the kobold.
The kobold shouts!
You hear a shout! x2
A ball python comes into view. 😎 MP[-1]
You lost 1 mp, and now have 4/6 mp.
The magic dart hits the kobold.
The ball python hisses angrily.
You hear a shout! 😎 MP[-1]
You lost 1 mp, and now have 3/6 mp.
The magic dart hits the kobold.
You kill the kobold!
A goblin comes into view. It is wielding a +0 dagger. 😎 MP[-1]
You lost 1 mp, and now have 2/6 mp.
A goblin is nearby!
The magic dart hits the goblin. 😎 MP[-1]
You lost 1 mp, and now have 1/6 mp.
The magic dart hits the goblin.
You kill the goblin! 😎 MP[-1]
You lost 1 mp, and now have 0/6 mp.
You start resting. 😎 MP[+6]
Your mp is fully restored (6).
An endoplasm comes into view.
An endoplasm is nearby!
The magic dart hits the endoplasm!
You kill the endoplasm! 😎 MP[-1]
You lost 1 mp, and now have 5/6 mp.
You can't see any susceptible monsters within range! (Use Z to cast anyway.)
Okay, then.
Things that are here:
a +0 dagger {short}; a kobold corpse You see here a +0 dagger {short}.
You now have 76 gold pieces (gained 12).
You open the door. 2 orcs and an orc priest come into view.
The orc moves out of view.
Found a stone staircase leading down. 😎 MP[+1]
Your mp is fully restored (6).
An orc priest comes into view. It is wielding a +0 war axe.
The magic dart hits the orc. 😎 MP[-1]
You lost 1 mp, and now have 5/6 mp.
The magic dart hits the orc. 😎 MP[-1]
You lost 1 mp, and now have 4/6 mp.
The magic dart hits the orc.
You kill the orc! 😎 MP[-1]
You lost 1 mp, and now have 3/6 mp.
You see here a +0 dagger {short}.
Things that are here:
a +0 dagger {short}; a kobold corpse 😎 MP[+1]
You start resting. 😎 MP[+2]
Your mp is fully restored (6).
Things that are here:
a +0 dagger {short}; a kobold corpse You see here a +0 dagger {short}.
An orc priest is nearby!
You can't see any susceptible monsters within range! (Use Z to cast anyway.)
The magic dart hits the orc priest but does no damage.
The orc priest shouts!
You hear a shout! 😎 MP[-1]
You lost 1 mp, and now have 5/6 mp.
Things that are here:
a +0 dagger {short}; a kobold corpse
Casting: Magic Dart (safe; 2% risk of failure)
Confirm with . or Enter, or press ? or * to list all spells.
Aiming: Searing Ray (safe; 3% risk of failure)
Press: ? - help, Shift-Dir - straight line, f/p - orc priest
Aim: an orc priest, wielding a +0 dagger (78% to hit)
The searing ray hits the orc priest! (Press . to maintain the ray.)
The orc priest invokes the aid of Beogh against you.
Pain shoots through your body! 😮 HP[-9] MP[-2]
You take 9 damage, and now have 12/21 hp.
MASSIVE DAMAGE!! (PAUSE)
You lost 2 mp, and now have 3/6 mp.
The searing ray hits the orc priest.
The orc priest mumbles some strange prayers to Beogh against you.
Beogh smites you!
Ouch! That really hurt!
You die...

Skill      XL: |  1  2  3 |
---------------+----------+-----
Stealth        | 3 4 |  4.0
Dodging        | |  2.0
Spellcasting   | |  2.0
Conjurations   | |  4.6

Action                     || total
---------------------------++-------
  Melee: Dagger            ||     4
         Constrict         ||     1
   Cast: Magic Dart        ||    46
         Searing Ray       ||     2
 Armour: Skin              ||     1
  Dodge: Dodged            ||     1

Levels and vault maps discovered:
D:1:      ncdulo_lavacross, layout_loops_corners,
          shapermc_ecumenical_altar_mp_ritualfount
D:2:      layout_basic, chequers_serial_rivers_large_a, minmay_statues_item,
          kennysheep_generic_room_5

Notes
Turn   | Place    | Note
-------+----------+-------------------------------------------
     0 | D:1      | MackTheKnife the Octopode Conjurer began the quest for the
                  | Orb.
     0 | D:1      | Reached XP level 1. HP: 11/11 MP: 3/3
     0 | D:1      | magus.rc [v1.9.6]
   110 | D:1      | You pick up a book of the Moon and begin reading...
   110 | D:1      | You add the spells Passage of Golubria, Silence and
                  | Lehudib's Crystal Spear to your library.
   171 | D:1      | Reached skill level 3 in Stealth
   270 | D:1      | Reached XP level 2. HP: 17/17 MP: 0/5
   273 | D:1      | Learned a level 2 spell: Searing Ray
   502 | D:1      | You add the spells Gell's Gravitas, Teleport Other and
                  | Dispersal to your library.
  1039 | D:1      | Found a faded altar of an unknown god.
  1074 | D:1      | Reached XP level 3. HP: 21/21 MP: 1/6
  1229 | D:1      | You pick up a book of Frost and begin reading...
  1229 | D:1      | You add the spells Freeze, Frozen Ramparts and Hailstorm to
                  | your library.
  1367 | D:2      | Reached skill level 4 in Stealth
  1572 | D:2      | Killed from afar by an orc priest

Vanquished Creatures
  A dart slug (D:1)
  An orc (D:2)
  4 endoplasms
  A giant cockroach (D:1)
  5 goblins
  2 quokkas
  5 ball pythons (D:1)
  3 frilled lizards (D:1)
  3 kobolds
  4 rats
29 creatures vanquished.

Table legend:
 A = Non-vault XP
 B = Vault XP
 C = Vault XP percentage of total XP
 D = Non-vault monster count
 E = Vault monster count
 F = Vault count percentage of total count
                 A         B        C        D         E       F
            +---------+---------+-------+---------+---------+-------
      Total |      48 |       0 |   0.0 |      29 |       0 |   0.0
            +---------+---------+-------+---------+---------+-------
        D:1 |      37 |       0 |   0.0 |      23 |       0 |   0.0
        D:2 |      11 |       0 |   0.0 |       6 |       0 |   0.0
            +---------+---------+-------+---------+---------+-------

Skill      XL: |  1  2  3 |
---------------+----------+-----
Stealth        | 3 4 |  4.0
Dodging        | |  2.0
Spellcasting   | |  2.0
Conjurations   | |  4.6

Action                     || total
---------------------------++-------
  Melee: Dagger            ||     4
         Constrict         ||     1
   Cast: Magic Dart        ||    46
         Searing Ray       ||     2
 Armour: Skin              ||     1
  Dodge: Dodged            ||     1

Illustrated notes

Table legend:
 A = Kills in this place as a percentage of kills in the entire game.
 B = Kills by you in this place as a percentage of kills by you in the entire game.
 C = Kills by friends in this place as a percentage of kills by friends in the entire game.
 D = Other kills in this place as a percentage of other kills in the entire game.
 E = Experience gained in this place as a percentage of experience gained in the entire game.
 F = Experience gained in this place divided by the number of levels of this place that you have seen.
                   A       B       C       D       E      F
               +-------+-------+-------+-------+-------+----------------------
         Total | 100.0 | 100.0 |   N/A |   N/A | 100.0 |  24.0
       Dungeon | 100.0 | 100.0 |   N/A |   N/A | 100.0 |  24.0
               +-------+-------+-------+-------+-------+----------------------

Table legend: (Time is in decaauts)
 A = Elapsed time spent in this place.
 B = Non-inter-level travel time spent in this place.
 C = Inter-level travel time spent in this place.
 D = Time resting spent in this place.
 E = Time spent auto-exploring this place.
 F = Levels seen in this place.
 G = Mean time per level.
                   A        B        C        D        E       F      G
               +--------+--------+--------+--------+--------+-----+--------+
         Total |   1569 |   1520 |     49 |    157 |   1225 |   2 |  784.5 |
       Dungeon |   1569 |   1520 |     49 |    157 |   1225 |   2 |  784.5 |
               +--------+--------+--------+--------+--------+-----+--------+

Top non-repeatable levels by time:
     D:1: 1362 daAuts
     D:2: 207 daAuts
